 Dungeon Crawl Stone Soup version 0.31-a0-75-g6fe912e8c5 (webtiles) character file.

Game seed: 9164068364613959153

3049 pokeman the Thaumaturge (level 9, -1/50 HPs)
             Began as a Deep Elf Hedge Wizard on May 24, 2023.
             Was an Initiate of Vehumet.
             Slain by an orc
             ... wielding a +0 trident
              (5 damage)
             ... on level 8 of the Dungeon.
             The game lasted 00:20:11 (8086 turns).

pokeman the Thaumaturge (Deep Elf Hedge Wizard)     Turns: 8086, Time: 00:20:11

Health: -1/50      AC:  5    Str:  7    XL:     9   Next: 57%
Magic:  13/26      EV: 12    Int: 24    God:    Vehumet [......]
Gold:   378        SH:  5    Dex: 14    Spells: 19/31 levels left

rFire   + . .        g - +2 hand axe (elec)
rCold   . . .        (no shield)
rNeg    . . .        w - +2 leather armour {rPois}
rPois   +            c - +0 hat
rElec   .            (no cloak)
rCorr   .            (no gloves)
SInv    .            (no boots)
Will    .....        q - amulet of reflection
Stlth   ++           l - ring of protection from fire
HPRegen 0.28/turn    H - ring of poison resistance
MPRegen 0.20/turn

%: reflection
@: no status effects
A: no striking features
a: Renounce Religion


You were on level 8 of the Dungeon.
You worshipped Vehumet.
Vehumet was noncommittal.
You visited 2 branches of the dungeon, and saw 9 of its levels.
You also visited: Ossuary.

You collected 378 gold pieces.

Inventory:

Hand Weapons
 g - a +2 hand axe of electrocution (weapon)
Missiles
 o - 3 curare-tipped darts
Armour
 c - a +0 hat (worn)
 w - a +2 leather armour of poison resistance (worn)
 I - a +0 kite shield
Jewellery
 l - a ring of protection from fire (left hand)
 q - an amulet of reflection (around neck)
 H - a ring of poison resistance (right hand)
 J - an amulet of regeneration
Wands
 i - a wand of polymorph (8)
 m - a wand of mindburst (18)
 p - a wand of paralysis (6)
 u - a wand of iceblast (10)
Scrolls
 a - a scroll of magic mapping {unknown}
 b - 2 scrolls of blinking {unknown}
 f - 10 scrolls of identify {unknown}
 h - 2 scrolls of vulnerability {unknown}
 j - a scroll of enchant armour {unknown}
 n - 2 scrolls of amnesia {unknown}
 r - 2 scrolls of teleportation {unknown}
 s - 2 scrolls of immolation {unknown}
 t - 2 scrolls of torment {unknown}
 v - a scroll of brand weapon {unknown}
 x - 2 scrolls of fog {unknown}
 y - a scroll of poison {unknown}
 G - a scroll of silence {unknown}
 L - a scroll of noise {unknown}
Potions
 d - 2 potions of magic
 e - 4 potions of curing {unknown}
 k - a potion of mutation {unknown}
 z - 2 potions of enlightenment {unknown}
 A - a potion of attraction {unknown}
 B - 2 potions of invisibility {unknown}
 C - 2 potions of lignification {unknown}
 D - a potion of degeneration {unknown}
 E - a potion of brilliance {unknown}
 F - 5 potions of heal wounds {unknown}
 K - a potion of might {unknown}


   Skills:
 - Level 3.0 Fighting
 - Level 3.0 Armour
 - Level 3.0 Dodging
 - Level 3.0 Stealth
 + Level 0.9 Shields
 * Level 11.9 Spellcasting
 + Level 6.5 Conjurations
 + Level 5.8 Summonings
 - Level 1.1 Translocations
 - Level 1.0 Air Magic
 - Level 1.1 Poison Magic
 - Level 1.2 Evocations


You had 19 spell levels left.
You knew the following spells:

 Your Spells              Type           Power      Damage    Failure   Level
a - Magic Dart            Conj           100%       1d8       1%          1
b - Mephitic Cloud        Conj/Pois/Air  18%        N/A       13%         3
c - Call Imp              Summ           84%        N/A       1%          2
d - Blink                 Tloc           38%        N/A       6%          2
e - Iskenderun's Mystic   Conj/Tloc      25%        2d7       24%         4

Your spell library contained the following spells:

 Spells                   Type           Power      Damage    Failure   Level
 Freeze                   Ice            56%        1d7       6%          1
 Slow                     Hex            56%        N/A       6%          1
 Sting                    Tmut/Pois      36%        1d4       10%         1
 Cigotuvi's Dreadful Rot  Necr/Pois/Air  16%        N/A       16%         2
 Volatile Blastmotes      Fire/Tloc      18%        2d11      28%         3
 Fulminant Prism          Conj/Hex       11%        3d9       30%         4
 Inner Flame              Hex/Fire       7%         N/A       34%         3
 Manifold Assault         Tloc           19%        N/A       38%         4
 Lee's Rapid Deconstruct  Erth           7%         3d6*      87%         5
 Yara's Violent Unravell  Hex/Tmut       3%         3d4       97%         5
 Dispersal                Tloc           9%         N/A       99%         6
 Enfeeble                 Hex            7%         N/A       100%        7
 Malign Gateway           Summ/Tloc      11%        N/A       100%        7
 Ozocubu's Refrigeration  Ice            7%         4d9       100%        7
 Disjunction              Tloc           9%         N/A       100%        8
 Summon Horrible Things   Summ           21%        N/A       100%        8


Dungeon Overview and Level Annotations

Branches:
Dungeon (8/15)             Temple (1/1) D:6         Ossuary (visited)
   Lair: D:8-11

Altars:
Dithmenos
Gozag
Hepliaklqana
Kikubaaqudgha
Makhleb
Nemelex Xobeh
Okawaru
Qazlal
Ru
Sif Muna
Uskayaw
Vehumet
Wu Jian
Yredelemnul

Shops:
D:4 ([:

Annotations:
D:8 1 transporter


Message History

Casting: Mephitic Cloud (dangerous; 13% risk of failure)
Confirm with . or Enter, or press ? or * to list all spells.
Aiming: Mephitic Cloud (dangerous; 13% risk of failure)
Press: ? - help, Shift-Dir - straight line, f - orc
Aim: an orc, wielding a +0 trident (chance to affect: 96%)
The ball explodes into a vile cloud!
The stinking cloud engulfs the orc but does no damage.
The orc is engulfed in noxious fumes.
The orc appears confused.
Unknown command.
Unknown command.
Casting: Mephitic Cloud (dangerous; 13% risk of failure)
Confirm with . or Enter, or press ? or * to list all spells.
Aiming: Magic Dart (safe; 1% risk of failure)
Press: ? - help, Shift-Dir - straight line, f/p - orc
Aim: an orc, wielding a +0 trident (noxious fumes, confused, 100% to hit)
Okay, then.
Unknown command.
You hit the orc.
The orc is heavily wounded.
The orc is engulfed in noxious fumes. x2; The orc appears confused.
You hit the orc but do no damage.
The orc is heavily wounded.
The orc is engulfed in noxious fumes.
The orc appears confused.
You hit the orc warrior.
The orc warrior is heavily wounded.
You catch the helpless orc completely off-guard!
You hit the orc.
The orc is engulfed in noxious fumes.
The orc appears confused.
Unknown command.
You hit the orc warrior but do no damage.
The orc warrior is heavily wounded.
The orc warrior hits you with a +4 vampiric hand axe!
* * * LOW HITPOINT WARNING * * *
The orc is engulfed in noxious fumes.
The orc appears confused.
Unknown command.
The orc closely misses you.
Things that are here:
a +0 whip; a +0 halberd; a gnoll corpse The orc hits you with a +0 trident.
You die...

...#..# ..#
..#..##..+ ○#©.....#
#......# #... ..#
#..# ..#####
########).##.......
##......)o).@.......
+......)...o........
#........).##..##!..
##+######$.# ..# .
#..# ..# .......#
#.......# ..#.#..$#
########.#


You could see an orc warrior (confused) and an orc (confused).

Vanquished Creatures
  A hornet (D:7)
  A wraith (Ossuary)
  A wyvern (D:7)
  Menkaure (D:5)
  2 water moccasins
  2 ice beasts
  A black bear (D:4)
  3 ogres (D:6)
  A phantom (D:5)
  2 gnoll sergeants
  A bullfrog (D:7)
  A scorpion (D:4)
  4 killer bees (D:5)
  A howler monkey (D:6)
  2 jellies
  A gnoll bouda (D:6)
  6 hounds
  An orc priest (D:5)
  7 iguanas
  2 orc wizards
  A mummy (Ossuary)
  9 gnolls
  12 adders
  A shadow imp (D:7)
  A white imp (D:7)
  2 worms
  3 dart slugs
  8 orcs
  8 endoplasms
  2 giant cockroaches
  6 goblins
  11 hobgoblins
  2 kobolds
  5 quokkas
  4 ball pythons
  5 bats
  4 frilled lizards
  3 gnoll skeletons (Ossuary)
  4 kobold skeletons (Ossuary)
  8 orc skeletons (Ossuary)
  5 rats
145 creatures vanquished.

Vanquished Creatures (collateral kills)
  A sky beast (D:7)
  An ogre (D:5)
  2 killer bees (D:5)
  A jelly (D:6)
  3 gnolls (D:6)
  2 gnoll skeletons (Ossuary)
  A goblin zombie (D:6)
  2 kobold skeletons (Ossuary)
  6 orc skeletons (Ossuary)
  A quokka zombie (D:6)
20 creatures vanquished.

Grand Total: 165 creatures vanquished

Notes
Turn   | Place    | Note
-------+----------+-------------------------------------------
     0 | D:1      | pokeman the Deep Elf Hedge Wizard began the quest for the
                  | Orb.
     0 | D:1      | Reached XP level 1. HP: 10/10 MP: 7/7
   660 | D:1      | Reached XP level 2. HP: 16/16 MP: 3/9
   768 | D:1      | Found a faded altar of an unknown god.
  1589 | D:2      | Reached skill level 5 in Spellcasting
  1606 | D:2      | Found an iron altar of Okawaru.
  1649 | D:2      | Reached XP level 3. HP: 20/20 MP: 5/11
  1655 | D:2      | Learned a level 3 spell: Mephitic Cloud
  1658 | D:2      | Learned a level 2 spell: Call Imp
  1664 | D:2      | Learned a level 2 spell: Blink
  1937 | D:2      | Reached skill level 1 in Fighting
  1937 | D:2      | Reached skill level 1 in Armour
  2337 | D:3      | HP: 1/20 [iguana (10)]
  2339 | D:3      | Reached XP level 4. HP: 2/25 MP: 0/13
  2616 | D:3      | Found a hide-covered altar of Uskayaw.
  2776 | D:3      | Reached skill level 6 in Spellcasting
  2776 | D:3      | Reached XP level 5. HP: 29/29 MP: 8/15
  3239 | D:3      | Found a basalt altar of Yredelemnul.
  3565 | D:4      | Noticed a black bear
  3577 | D:4      | Killed a black bear
  3578 | D:4      | Reached skill level 1 in Poison Magic
  3578 | D:4      | Reached skill level 1 in Evocations
  3578 | D:4      | Reached XP level 6. HP: 31/34 MP: 12/17
  3666 | D:4      | Reached skill level 1 in Air Magic
  4130 | D:5      | Entered Level 5 of the Dungeon
  4137 | D:5      | Reached skill level 7 in Spellcasting
  4487 | D:4      | Found Rabaxyrch's Antique Weapon Emporium.
  4488 | D:4      | Found Muabigor's Book Shoppe.
  4489 | D:4      | Found Walanet's Armour Shop.
  4503 | D:4      | Found Wulep's Antique Weapon Boutique.
  4555 | D:4      | Reached XP level 7. HP: 39/39 MP: 18/20
  4984 | D:5      | Reached skill level 8 in Spellcasting
  5072 | D:5      | Noticed Menkaure
  5082 | D:5      | Killed Menkaure
  5369 | D:5      | Reached skill level 9 in Spellcasting
  5369 | D:5      | Reached XP level 8. HP: 44/44 MP: 14/23
  5450 | D:5      | Learned a level 4 spell: Iskenderun's Mystic Blast
  5697 | D:5      | Found a shimmering blue altar of Sif Muna.
  5853 | D:6      | Reached skill level 5 in Conjurations
  5948 | D:6      | Reached skill level 10 in Spellcasting
  5970 | D:6      | HP: 1/44 [gnoll/+0 spear[a gnoll sergeant] (5)]
  6211 | D:6      | Found a sand-covered staircase.
  6218 | Ossuary  | Entered an ossuary
  6360 | Ossuary  | Reached XP level 9. HP: 48/48 MP: 23/25
  6624 | D:6      | Reached skill level 5 in Summonings
  6706 | D:6      | Found a staircase to the Ecumenical Temple.
  6714 | Temple   | Entered the Ecumenical Temple
  6763 | Temple   | Became a worshipper of Vehumet
  6932 | D:6      | Got Sif Muna's Information on the Gelid Hornet
  6985 | D:7      | Reached skill level 11 in Spellcasting
  8052 | D:8      | Found a transporter.
  8081 | D:8      | HP: 2/50 [orc warrior/+4 vampiric hand axe (10)]
  8086 | D:8      | Slain by an orc

Illustrated notes

Levels and vault maps discovered:
D:1:      dpeg_chamrin_arrival_tetris, layout_basic,
          ebering_ecumenical_altar_webs
D:2:      layout_basic, basic_altar, st_stairs_2, minivault_11
D:3:      layout_loops_ring, nicolae_uskayaw_suspiria, general_overflow_altar,
          grunt_ministairs_6
D:4:      kennysheep_spiral_hall, layout_rooms, minmay_misc_feat_doors,
          nicolae_wooded_promenade, grunt_ministairs_2,
          chequers_decorated_corner
D:5:      layout_gridville, lemuel_crystal_altar, uniq_menkaure
D:6:      layout_rooms, minmay_temple_entry_mini_moons, enter_ossuary_4
D:7:      layout_loops_ring, nrook_loot_triangle
D:8:      gammafunk_cloud_chamber, layout_gridville, good_gods_mini_temple,
          lair_entry_dummy, item_on_display_a
Temple:   zaba_magenta_temple

Skill      XL: |  1  2  3  4  5  6  7  8  9 |
---------------+----------------------------+-----
Spellcasting   | 5 6 7 9 10 11 | 11.9
Fighting       | 1 2 3 |  3.0
Armour         | 1 2 3 |  3.0
Conjurations   | 2 3 4 5 6 |  6.5
Dodging        | 3 |  3.0
Stealth        | 3 |  3.0
Poison Magic   | 1 |  1.1
Evocations     | 1 |  1.2
Air Magic      | 1 |  1.0
Summonings     | 2 3 4 5 |  5.8
Shields        | |  0.9
Translocations | |  1.1

Action                     |  1- 3 |  4- 6 |  7- 9 || total
---------------------------+-------+-------+-------++-------
  Melee: Hand axe          |     2 |    23 |   103 ||   128
         Punch             |       |       |     6 ||     6
   Cast: Magic Dart        |    83 |   110 |   163 ||   356
         Mephitic Cloud    |     1 |     6 |    25 ||    32
         Call Imp          |       |       |     7 ||     7
         Blink             |       |       |     1 ||     1
  Evoke: Wand              |       |       |     1 ||     1
   Stab: Confused          |       |     3 |    16 ||    19
         Distracted        |       |       |     2 ||     2
 Armour: Robe              |     1 |     4 |     1 ||     6
         Leather armour    |       |       |    20 ||    20
  Dodge: Dodged            |     6 |    21 |    69 ||    96
  Block: Other             |       |     4 |    25 ||    29

Table legend: (Time is in decaauts)
 A = Elapsed time spent in this place.
 B = Non-inter-level travel time spent in this place.
 C = Inter-level travel time spent in this place.
 D = Time resting spent in this place.
 E = Time spent auto-exploring this place.
 F = Levels seen in this place.
 G = Mean time per level.
                   A        B        C        D        E       F      G
               +--------+--------+--------+--------+--------+-----+--------+
         Total |   8128 |   7795 |    333 |    108 |   6529 |  10 |  812.8 |
       Dungeon |   7792 |   7471 |    321 |    108 |   6327 |   8 |  974.0 |
        Temple |     62 |     50 |     12 |      0 |     40 |   1 |   62.0 |
       Ossuary |    273 |    273 |      0 |      0 |    162 |   1 |  273.0 |
               +--------+--------+--------+--------+--------+-----+--------+

Top non-repeatable levels by time:
     D:5: 1494 daAuts
     D:2: 1231 daAuts
     D:3: 1167 daAuts
     D:7: 1092 daAuts
     D:4: 1088 daAuts
     D:1: 1086 daAuts
     D:6: 592 daAuts
 Ossuary: 273 daAuts
  Temple: 62 daAuts
     D:8: 39 daAuts
